 Dungeon Crawl Stone Soup version 0.22-a0-231-g1b571ea (webtiles) character file.

60 Azzok the Skirmisher (level 3, 0/24 HPs)
             Began as a Deep Elf Fighter on Feb 20, 2018.
             Slain by a gnoll
             ... wielding a +0 whip
              (7 damage)
             ... on level 2 of the Dungeon.
             The game lasted 00:02:59 (1668 turns).

Azzok the Skirmisher (Deep Elf Fighter)             Turns: 1668, Time: 00:02:59

Health: 0/24       AC:  6    Str: 13    XL:     3   Next: 80%
Magic:  5/5        EV:  6    Int: 13    God:
Gold:   87         SH:  8    Dex: 14    Spells: 2/2 levels left

rFire    . . .     SeeInvis .   a - +0 rapier
rCold    . . .     Gourm    .   c - +0 shield
rNeg     . . .     Faith    .   b - +0 scale mail
rPois    .         Spirit   .   (no helmet)
rElec    .         Reflect  .   (no cloak)
rCorr    .         Harm     .   (no gloves)
MR       .....                  (no boots)
Stlth    ..........             (no amulet)
HPRegen  0.08/turn              (no ring)
MPRegen  0.09/turn              (no ring)

@: no status effects
A: no striking features
a: no special abilities


You were on level 2 of the Dungeon.
You were not hungry.

You visited 1 branch of the dungeon, and saw 3 of its levels.

You collected 87 gold pieces.

Inventory:

Hand Weapons
 a - a +0 rapier (weapon)
Missiles
 m - 18 arrows
Armour
 b - a +0 scale mail (worn)
 c - a +0 shield (worn)
Scrolls
 i - 2 scrolls of identify {unknown}
 k - a scroll of magic mapping {unknown}
 o - a scroll of blinking {unknown}
 p - a scroll of fog {unknown}
Potions
 d - 2 potions of might
 e - a potion of haste {unknown}
 h - a potion of degeneration {unknown}
 j - a potion of agility {unknown}
 l - a potion of flight {unknown}
 n - a potion of heal wounds {unknown}
 q - a potion of brilliance {unknown}
 r - a potion of lignification {unknown}
Comestibles
 f - 3 rations
 g - 4 chunks of flesh


   Skills:
 + Level 4.0 Fighting
 - Level 2.0 Short Blades
 - Level 2.4 Armour
 - Level 2.4 Shields


You had 2 spell levels left.
You didn't know any spells.

Dungeon Overview and Level Annotations

Branches:
Dungeon (3/15)

Altars:
Hepliaklqana


Message History

There is a stone staircase leading down here.
Your shield and scale mail prevent you from hitting the gnoll.
The gnoll hits you with a whip.
You hit the gnoll but do no damage. The gnoll hits you with a whip.
You closely miss the gnoll. You block the gnoll's attack.
You hit the gnoll but do no damage. The gnoll barely misses you.
You block the gnoll's attack.
You closely miss the gnoll. The gnoll barely misses you.
You closely miss the gnoll. The gnoll hits you with a whip.
* * * LOW HITPOINT WARNING * * *
You hit the gnoll.
The gnoll is lightly wounded.
The gnoll closely misses you.
Your shield prevents you from hitting the gnoll.
The gnoll is lightly wounded.
The gnoll hits you but does no damage.
You hit the gnoll.
The gnoll is moderately wounded.
The gnoll closely misses you. The gnoll hits you with a whip!
You die...

▒····▒▒·······▒▒·····
▒▒▒▒··▒··············
▒▒·▒···········▒▒▒
▒·······▒··▒▒▒▒ ▒
▒▒······▒▒)▒ ▒
▒······▒▒·▒▒▒ ▒
▒▒▒······▒▒···▒▒ ▒
▒····▒▒▒▒▒▒▒▒··▒▒▒
▒@····▒▒▒▒▒▒▒▒·▒▒·
▒▒▒g▒▒▒·············
▒···▒ ▒▒▒▒▒▒▒▒···▒▒·
▒▒·▒·▒ ▒▒▒·······
▒<···▒▒▒▒▒▒▒···▒▒▒▒··
▒▒▒·········(▒▒▒ ▒▒▒
▒▒·▒▒▒▒<··▒▒▒▒▒ ▒▒··▒
▒▒·▒·····▒▒ ▒··▒▒
▒··▒▒▒▒▒··▒▒


You could see a gnoll.

Vanquished Creatures
  2 worms (D:2)
  2 dart slugs
  2 leopard geckos
  4 giant cockroaches
  4 goblins
  7 hobgoblins
  6 jackals (D:1)
  4 kobolds
  2 quokkas (D:2)
  A ball python (D:1)
  4 bats
  A frilled lizard (D:1)
  4 rats
43 creatures vanquished.

Notes
Turn   | Place    | Note
-------+----------+-------------------------------------------
     0 | D:1      | Azzok the Deep Elf Fighter began the quest for the Orb.
     0 | D:1      | Reached XP level 1. HP: 13/13 MP: 3/3
   136 | D:1      | Reached XP level 2. HP: 10/18 MP: 4/4
   146 | D:1      | Reached skill level 3 in Fighting
   920 | D:2      | Reached XP level 3. HP: 16/23 MP: 5/5
  1309 | D:2      | Found a hazy altar of Hepliaklqana.
  1641 | D:3      | Reached skill level 4 in Fighting
  1668 | D:2      | Slain by a gnoll

Vault maps used:
D:1:      lightli_arrival_flooded_house, serial_bayou_ford_a
D:2:      nicolae_overflow_crystal_walls, first_ration
D:3:      chequers_ecumenical_altar_simple_redux, kennysheep_decorative_pillar

Skill      XL: |  1  2  3 |
---------------+----------+-----
Fighting       | 3 4 |  4.0
Short Blades   | |  2.0
Armour         | |  2.4
Shields        | |  2.4

Action                   || total
-------------------------++-------
Melee: Rapier            ||   163
  Eat: Chunk             ||     3
Armor: Scale mail        ||    74
Dodge: Dodged            ||    48
Block: Shield            ||    68

Table legend:
 A = Spawn XP
 B = Non-spawn XP
 C = Spawn XP percentage of total XP
 D = Spawn monster count
 E = Non-spawn monster count
 F = Spawn count percentage of total count
 G = Total turns spent on level
                    A         B        C        D         E        F      G
               +---------+---------+-------+---------+---------+-------+---------
         Total |       0 |      86 |   0.0 |       0 |      43 |   0.0 |  1668
               +---------+---------+-------+---------+---------+-------+---------
           D:1 |       0 |      40 |   0.0 |       0 |      22 |   0.0 |   909
           D:2 |       0 |      40 |   0.0 |       0 |      18 |   0.0 |   714
           D:3 |       0 |       6 |   0.0 |       0 |       3 |   0.0 |    45
               +---------+---------+-------+---------+---------+-------+---------
